 Dungeon Crawl Stone Soup version 0.25.0-1-g7eea58d (webtiles) character file.

Game seed: 7770301702749185313

71 brinewave the Skirmisher (level 4, 0/49 HPs)
             Began as an Ogre Wanderer on June 16, 2020.
             Was an Initiate of Vehumet.
             Slain by a centaur skeleton (3 damage)
             ... on level 4 of the Dungeon.
             The game lasted 00:09:33 (2174 turns).

brinewave the Skirmisher (Ogre Wanderer)            Turns: 2174, Time: 00:09:34

Health: 0/49       AC:  3    Str: 23    XL:     4   Next: 24%
Magic:  0/4        EV:  7    Int: 13    God:    Vehumet [......]
Gold:   180        SH:  8    Dex:  8    Spells: 3/3 levels left

rFire    . . .     SeeInvis .   p - +0 spear
rCold    . . .     Gourm    .   c - +0 kite shield
rNeg     . . .     Faith    .   b - +0 robe
rPois    .         Spirit   +   (helmet restricted)
rElec    .         Reflect  .   (no cloak)
rCorr    .         Harm     .   (gloves unavailable)
MR       .....                  (boots unavailable)
Stlth    +.........             i - amulet of guardian spirit
HPRegen  0.16/turn              j - +6 ring of strength
MPRegen  0.09/turn              (no ring)

@: no status effects
A: large, unfitting armour, tough skin 1
a: Renounce Religion


You were on level 4 of the Dungeon.
You worshipped Vehumet.
Vehumet was noncommittal.
You were very hungry.

You visited 1 branch of the dungeon, and saw 5 of its levels.

You collected 180 gold pieces.

Inventory:

Hand Weapons
 a - a +0 spear
 d - a +0 dagger
 p - a +0 spear (weapon)
Missiles
 k - 21 arrows
 n - 14 bolts
 q - 148 stones (quivered)
 x - 14 poisoned darts
Armour
 b - a +0 robe (worn)
 c - a +0 kite shield (worn)
Jewellery
 i - an amulet of guardian spirit (around neck)
 j - a +6 ring of strength (left hand)
 t - an uncursed ring of protection from fire {unknown}
Wands
 v - a wand of iceblast (5)
Scrolls
 e - a scroll of remove curse
 g - a scroll of amnesia
 l - a scroll of teleportation {unknown}
 o - a scroll of fog {unknown}
 s - 2 scrolls of magic mapping {unknown}
 w - a scroll of identify
Potions
 h - a potion of haste
 m - a potion of stabbing {unknown}
 r - a potion of curing
 u - a potion of resistance {unknown}
Comestibles
 f - 10 rations


   Skills:
 + Level 4.8 Fighting
   Level 1.0(1.6) Axes
 + Level 2.0(2.1) Polearms
 - Level 1.0 Throwing
 + Level 1.9 Dodging
 - Level 1.4 Stealth
 + Level 1.9 Shields


You had 3 spell levels left.
You didn't know any spells.
Your spell library was empty.

Dungeon Overview and Level Annotations

Branches:
Dungeon (5/15)
 Temple: D:4-7

Altars:
Vehumet

Annotations:
D:3 1 runed translucent door, jorbis's ghost, amateur OpEE


Innate Abilities, Weirdness & Mutations

You are too large for most types of armour.
You have tough skin. (AC +1)


Message History

f - 10 rations (gained 1)
There are no items here.
You feel yourself slow down.
An adder comes into view.
The adder hisses angrily.
The centaur skeleton hits you.
* * * LOW HITPOINT WARNING * * *
You hit the centaur skeleton.
The centaur skeleton is moderately damaged.
The centaur skeleton hits you.
* * * LOW HITPOINT WARNING * * *
You block the centaur skeleton's attack.
You puncture the centaur skeleton!
The centaur skeleton is heavily damaged.
The centaur skeleton hits you.
* * * LOW HITPOINT WARNING * * *
You hit the centaur skeleton.
The centaur skeleton is severely damaged.
The centaur skeleton hits you.
You die...

#################
.... .#
#......Z@.S......
....#.#
#.##############.
...#.#.#.#...
##..#.#.#.#.#######
..................
#...#.#.#.#.####
####..#...#.#
...#..#####.#
......Z.....#


You could see an adder and a centaur skeleton.

Vanquished Creatures
  4 adders
  An ooze (D:1)
  3 leopard geckos
  2 orcs (D:3)
  6 bats
  A giant cockroach (D:5)
  2 goblins
  A frilled lizard (D:1)
  4 kobolds
  4 rats
28 creatures vanquished.

Notes
Turn   | Place    | Note
-------+----------+-------------------------------------------
     0 | D:1      | brinewave the Ogre Wanderer began the quest for the Orb.
     0 | D:1      | brinewave set off with the following items: a +0 spear, a
                  | +0 robe, a +0 kite shield, a +0 dagger, a ration
     0 | D:1      | Reached XP level 1. HP: 24/24 MP: 1/1
   339 | D:1      | Reached XP level 2. HP: 26/32 MP: 2/2
   971 | D:2      | Reached XP level 3. HP: 39/40 MP: 3/3
  1191 | D:3      | Found a radiant altar of Vehumet.
  1194 | D:3      | Found a runed translucent door.
  1194 | D:3      | Noticed jorbis's ghost (amateur OpEE)
  1216 | D:3      | Became a worshipper of Vehumet
  1270 | D:3      | Reached XP level 4. HP: 32/49 MP: 2/4
  1635 | D:4      | Found a sand-covered staircase.
  1646 | D:4      | Noticed a phantom
  1700 | D:5      | Entered Level 5 of the Dungeon
  1895 | D:5      | Noticed a phantom
  2174 | D:4      | Slain by a centaur skeleton

Illustrated notes

Levels and vault maps discovered:
D:1:      saegor_arrival_simple_d, layout_rooms, solitary_fountain
D:2:      layout_basic, kennysheep_slug_shrine,
          nicolae_dithmenos_through_a_glass_darkly
D:3:      layout_basic, lemuel_doored_altar, hellmonk_ghost_happy_afterlife,
          skrybe_limestone_x
D:4:      layout_basic, first_ration, lightli_ossuary_entry_decrepit_ruins
D:5:      layout_loops_ring, minmay_temple_entry_gardened_gates, serial_shops,
          shop, gammafunk_ghost_necromancy, minivault_23,
          corexii_item_surrounded_by_moat

Skill      XL: |  1  2  3  4 |
---------------+-------------+-----
Polearms       | 2 |  2.0
Fighting       | |  4.8
Axes           | |  1.0
Throwing       | |  1.0
Dodging        | |  1.9
Stealth        | |  1.4
Shields        | |  1.9

Action                   |  1- 3 |  4- 6 || total
-------------------------+-------+-------++-------
Melee: Spear             |   111 |    57 ||   168
  Use: Scroll            |     6 |     1 ||     7
       Potion            |       |     1 ||     1
 Stab: Sleeping          |       |     1 ||     1
  Eat: Chunk             |     1 |     2 ||     3
Armor: Robe              |    36 |     4 ||    40
Dodge: Dodged            |    28 |    12 ||    40
Block: Kite shield       |    47 |    17 ||    64
